 Dungeon Sprint DCSS version 0.20-a0-1058-g0491fde (webtiles) character file.

76680 lordofpotatos the Imperceptible (level 15, -3/187 HPs)
             Began as a Gargoyle Fighter on Apr 26, 2017.
             Slain by Leptakuz the pandemonium lord (8 damage)
             ... while paralysed by Yrenuiho
             ... in the Dungeon (Sprint V: "Ziggurat Sprint").
             The game lasted 00:54:45 (2966 turns).

lordofpotatos the Imperceptible (Gargoyle Fighter)  Turns: 2966, Time: 00:54:46

Health: -3/187     AC: 60    Str: 52    XL:     15   Next: 54%
Magic:  13/13      EV:  2    Int: 15    God:
Gold:   0          SH:  0    Dex: 13    Spells: 14/14 levels left

rFire    + + .     SeeInvis +   k - +9 lance "Wyrmbane" {slay drac, rPois rF+ rC+ AC+3}
rCold    + + +     Gourm    .   o - +18 shield of the Gong {rElec rN+ MR+ EV-5}
rNeg     + + .     Faith    .   n - +15 Maxwell's patent armour {-Cast -Tele rElec MR+ rCorr}
rPois    ∞         Spirit   .   t - +2 helmet {Int+3}
rElec    +         Reflect  .   q - +2 cloak "Caalush" {MR+ Str+7 SInv}
rCorr    +         Harm     .   p - +2 pair of gloves {Str+3}
MR       +++++     Rnd*Rage +   z - +1 pair of boots {Fly} Stlth ..........NoTele +
                                l - necklace of Bloodlust {*Rage +Rage MR++ Int-3 Slay+6 *Curse} (curse)
Regen    0.9/turn  NoCast   +   A - +6 ring of strength
MPRegen  0.2/turn               B - +6 ring of strength

@: paralysed, mighty, agile, berserking (expiring), resistant, flying, very
slightly contaminated, hasted and slowed, studying 3 skills, invisible
A: big wings, yellow scales 1, blink, blurry vision 1, clever 2, cold resistance
1, deformed body, low mp 1, negative energy resistance 1, regeneration 1, robust
1, electricity resistance, unbreathing, pseudopods 3, petrification resistance,
rot immunity, AC +11
a: Stop Flying, Blink, Evoke Berserk Rage


You were in the Dungeon.
You were very hungry.

You visited 1 branch

Inventory:

Hand Weapons
 k - the +9 lance "Wyrmbane" (weapon) {slay drac, rPois rF+ rC+ AC+3}
   (You found it in the Dungeon)

   It affects your AC (+3).
   It protects you from fire.
   It protects you from cold.
   It protects you from poison.
Armour
 n - the +15 Maxwell's patent armour (worn) {-Cast -Tele rElec MR+ rCorr}
   (You found it in the Dungeon)

   It insulates you from electricity.
   It affects your resistance to hostile enchantments.
   It prevents spellcasting.
   It prevents most forms of teleportation.
   It protects you from acid and corrosion.
 o - the +18 shield of the Gong (worn) {rElec rN+ MR+ EV-5}
   (You found it in the Dungeon)

   It affects your evasion (-5).
   It insulates you from electricity.
   It protects you from negative energy.
   It affects your resistance to hostile enchantments.
 p - a +2 pair of gloves of strength (worn)
 q - the +2 cloak "Caalush" (worn) {MR+ Str+7 SInv}
   (You found it in the Dungeon)

   It affects your strength (+7).
   It affects your resistance to hostile enchantments.
   It lets you see invisible.
 t - a +2 helmet of intelligence (worn)
 z - a +1 pair of boots of flying (worn)
Jewellery
 l - the cursed necklace of Bloodlust (around neck) {*Rage +Rage MR++ Int-3 Slay+6 *Curse}
   (You found it in the Dungeon)

   [amulet of rage]

   It affects your intelligence (-3).
   It affects your accuracy and damage with ranged weapons and melee attacks
   (+6).
   It affects your resistance to hostile enchantments.
   It lets you go berserk.
   It may make you go berserk in combat.
   It curses itself when equipped.
   It has a curse placed upon it.
 A - a +6 ring of strength (left hand)
 B - a +6 ring of strength (right hand)
Scrolls
 r - 4 scrolls of brand weapon
 s - 5 scrolls of remove curse
 y - 4 scrolls of enchant armour
Potions
 a - 2 potions of brilliance
 b - a potion of invisibility
 c - 2 potions of resistance
 e - 9 potions of curing
 g - 13 potions of heal wounds
 i - 7 potions of magic
 m - 4 potions of agility
Books
 u - a manual of Axes
 w - a manual of
Armour
 x - a manual of Bows
Comestibles
 f - 5 bread rations
 v - 3 meat rations


   Skills:
 + Level 20.7 Fighting
   Level 2.0 Maces & Flails
 + Level 17.7 Polearms
 + Level 20.7 Armour
 + Level 22.1 Stealth
 + Level 20.7 Shields


You had 14 spell levels left.
You didn't know any spells.

Dungeon Overview and Level Annotations

Branches:
Dungeon (1/1)

Altars:
Ashenzari
Cheibriados
Dithmenos
Elyvilon
Fedhas
Gozag
Hepliaklqana
Kikubaaqudgha
Makhleb
Nemelex Xobeh
Okawaru
Qazlal
Ru
Sif Muna
Trog
Uskayaw
Vehumet
Wu Jian
Xom
Yredelemnul
Zin
The Shining One
Beogh
Jiyva
Lugonu


Innate Abilities, Weirdness & Mutations

You are resistant to torment.
Your stone body is resilient. (AC +11)
You are immune to poison.
Your large and strong wings let you fly indefinitely.
You resist negative energy. (rN+)
You are resistant to electric shocks. (rElec)
You can survive without breathing.
You are immune to petrification.
You are immune to rotting.
You are partially covered in yellow scales. (AC +2)
You can translocate small distances at will.
Scrolls take you a little longer to read.
Your mind is very acute. (Int +4)
Your flesh is cold resistant. (rC+)
Armour fits poorly on your strangely shaped body.
Your magical capacity is low. (-10% MP)
Your natural rate of healing is unusually fast.
You are robust. (+10% HP)
Armour fits poorly on your massive pseudopods.


Message History

* * * LOW HITPOINT WARNING * * *
The reaper draws a finger across its throat.
Leptakuz hits you!
* * * LOW HITPOINT WARNING * * *
You feel a strange sense of stasis.
The soul eater draws from the surrounding life force!
* * * LOW HITPOINT WARNING * * *
The hungry ghost hits you.
You are feeling very hungry.
Citzuxkace hits you but does no damage.
The freezing wraith hits you but does no damage.
The freezing wraith barely misses you.
Durebb gestures.
Durebb seems to speed up.
The Brimstone Fiend hits you but does no damage. x3
Yrenuiho hits you but does no damage.
The phantasmal warrior blinks!
The hell rat roars deafeningly!
The tormentor roars!
The infernal warmonger shouts!
Leptakuz hits you!
You die...

.....§.........▓.......≈
.......&6......▓..▓..).)
.....2142&.....▓≈...)†=.
..§..4&212X....▓..≈..)))
...W13&2srX2X..▓.....(()
...2R23&&13&...▓▓▓▓▓▓▓▓▓
▓&W&&6&2▓ . ▓▓&&&&3▓▓ .
...▓32&@&&.▓...
.....1WW1......
......WWW......
▓▓▓▓▓▓▓▓▓▓▓▓▓▓▓


You could see Archaw (invisible), Citzuxkace, Deinab, Durebb, Eluatel, Eqemm,
Eschew, Hioqy, Jurah, Leptakuz, Lut Kuoj, Moemp, Ownueli, Piwnav, Timeh,
Usiufall, Vutwam, Yrenuiho, a Hell Sentinel, a tentacled monstrosity, 3
Brimstone Fiends, 2 Ice Fiends, an infernal warmonger (wandering), a reaper, a
balrug, a green death, 3 blizzard demons, an infernal blood saint, a soul eater,
a demonic crawler, a sun demon, a shadow wraith (invisible), 2 large
abominations, 2 phantasmal warriors, a rust devil, 2 freezing wraiths, 2
sixfirhies, 2 hellions, 2 tormentors, an efreet, 2 hungry ghosts, a neqoxec
(wandering), a chaos spawn and a hell rat (wandering).

Vanquished Creatures
  2 deep elf master archers (D)
  3 frost giants (D)
  An emperor scorpion (D)
  3 orc warlords (D)
  A ghost moth (D)
  5 stone giants (D)
  5 merfolk impalers (D)
  3 blizzard demons (D)
  4 merfolk javelineers (D)
  A death ooze (D)
  5 yaktaur captains (D)
  An ice dragon (D)
  8 vault guards (D)
  2 hydras (D)
  A merfolk avatar (D)
  2 centaur warriors (D)
  An alligator snapping turtle (D)
  10 merfolk aquamancers (D)
  2 dancing weapons (D)
  3 two-headed ogres (D)
  3 sea snakes (D)
  2 orc knights (D)
  A deep elf mage (D)
  A harpy (D)
  An orb spider (D)
  A manticore (D)
  An orc sorcerer (D)
  7 wolf spiders (D)
  9 cyclopes (D)
  A merfolk siren (D)
  2 moths of wrath (D)
  A water nymph (D)
  2 black mambas (D)
  3 rime drakes (D)
  9 yaktaurs (D)
  2 freezing wraiths (D)
  A demonic crawler (D)
  2 ice devils (D)
  5 trolls (D)
  2 wind drakes (D)
  A polar bear (D)
  4 jumping spiders (D)
  8 merfolk (D)
  4 hornets (D)
  2 hippogriffs (D)
  A snapping turtle (D)
  2 spriggans (D)
  2 water elementals (D)
  2 tarantellas (D)
  A yak (D)
  3 nagas (D)
  3 wargs (D)
  2 water moccasins (D)
  A floating eye (D)
  8 orc warriors (D)
  4 ice beasts (D)
  A necrophage (D)
  3 phantoms (D)
  9 centaurs (D)
  12 ogres (D)
  A jelly (D)
  4 orc priests (D)
  5 orc wizards (D)
  2 iguanas (D)
  An adder (D)
  A river rat (D)
  A white imp (D)
  An adder simulacrum (D)
  An orc (D)
  A ball python (D)
  A bat zombie (D)
  A jackal zombie (D)
  A leopard gecko zombie (D)
213 creatures vanquished.

Vanquished Creatures (collateral kills)
  A dancing weapon (D)
  An orb spider (D)
  A redback (D)
3 creatures vanquished.

Vanquished Creatures (others)
  17 jellies (D)
  3 adder zombies (D)
  A bat skeleton (D)
  A bat zombie (D)
  A bat simulacrum (D)
  A giant cockroach zombie (D)
  2 leopard gecko zombies (D)
26 creatures vanquished.

Grand Total: 242 creatures vanquished

Notes
Turn   | Place    | Note
-------+----------+-------------------------------------------
     0 | D        | lordofpotatos the Gargoyle Fighter began the quest for the Orb.
     0 | D        | Reached XP level 1. HP: 14/14 MP: 1/1
   113 | D        | Found a deep blue altar of Sif Muna.
   113 | D        | Found a bloodstained altar of Trog.
   113 | D        | Found a sacrificial altar of Ru.
   113 | D        | Found a stormy altar of Qazlal.
   113 | D        | Found an iron altar of Okawaru.
   114 | D        | Found a sparkling altar of Nemelex Xobeh.
   114 | D        | Found a blossoming altar of Fedhas.
   116 | D        | Found an ancient bone altar of Kikubaaqudgha.
   116 | D        | Found a viscous altar of Jiyva.
   116 | D        | Found a corrupted altar of Lugonu.
   116 | D        | Found a hazy altar of Hepliaklqana.
   116 | D        | Found a burning altar of Makhleb.
   116 | D        | Found an opulent altar of Gozag.
   220 | D        | Became a worshipper of Jiyva Jufihim the Shapeless
   225 | D        | Reached * piety under Jiyva
   225 | D        | Reached ** piety under Jiyva
   225 | D        | Reached *** piety under Jiyva
   225 | D        | Gained mutation: You have a small jelly attached to you that may absorb incoming projectiles. [Jiyva's grace]
   225 | D        | Reached **** piety under Jiyva
   227 | D        | Gained mutation: You do not regenerate when monsters are visible. [Jiyva's grace]
   227 | D        | Reached ***** piety under Jiyva
   229 | D        | Gained mutation: You are partially covered in yellow scales. (AC +2) [Jiyva's grace]
   230 | D        | Lost mutation: You do not regenerate when monsters are visible. [Jiyva's power]
   230 | D        | Gained mutation: You have supernaturally acute eyesight. (SInv) [Jiyva's grace]
   230 | D        | Lost mutation: You have supernaturally acute eyesight. (SInv) [Jiyva's grace]
   230 | D        | Gained mutation: Scrolls take you a little longer to read. [Jiyva's grace]
   231 | D        | Lost mutation: Scrolls take you a little longer to read. [Jiyva's power]
   232 | D        | Gained mutation: Your rubbery body absorbs attacks. (AC +1, EV +1) [Jiyva's grace]
   233 | D        | Gained mutation: You evolve. [Jiyva's grace]
   233 | D        | Reached ****** piety under Jiyva
   233 | D        | Gained mutation: Your muscles are strong. (Str +2) [Jiyva's grace]
   235 | D        | Lost mutation: Your muscles are strong. (Str +2) [Jiyva's grace]
   235 | D        | Gained mutation: You are resistant to hostile enchantments. (MR+) [Jiyva's grace]
   235 | D        | Gained mutation: Your magical capacity is low. (-10% MP) [Jiyva's grace]
   235 | D        | Lost mutation: You evolve. [Jiyva's grace]
   235 | D        | Lost mutation: Your magical capacity is low. (-10% MP) [Jiyva's grace]
   235 | D        | Gained mutation: You have supernaturally acute eyesight. (SInv) [Jiyva's grace]
   235 | D        | Lost mutation: You are resistant to hostile enchantments. (MR+) [Jiyva's grace]
   236 | D        | Gained mutation: Armour fits poorly on your pseudopods. [Jiyva's grace]
   237 | D        | Lost mutation: You have supernaturally acute eyesight. (SInv) [Jiyva's grace]
   237 | D        | Gained mutation: You have a pair of small antennae on your head. [Jiyva's grace]
   238 | D        | Lost mutation: You are partially covered in yellow scales. (AC +2) [Jiyva's grace]
   239 | D        | Gained mutation: You are covered in fur. (AC +1) [Jiyva's grace]
   240 | D        | Lost mutation: You have a pair of small antennae on your head. [Jiyva's grace]
   240 | D        | Gained mutation: Your mind is acute. (Int +2) [Jiyva's grace]
   240 | D        | Lost mutation: Your mind is acute. (Int +2) [Jiyva's grace]
   240 | D        | Gained mutation: You have a small jelly attached to you that senses nearby items. [Jiyva's grace]
   242 | D        | Gained mutation: Your flesh is heat resistant. (rF+) [Jiyva's grace]
   242 | D        | Gained mutation: Your body sometimes deteriorates upon taking damage. [Jiyva's grace]
   242 | D        | Gained mutation: Your pliable body absorbs attacks. (AC +2, EV +2) [Jiyva's grace]
   242 | D        | Gained mutation: Your gelatinous body deflects attacks. (AC +3, EV +3) [Jiyva's grace]
   242 | D        | Lost mutation: Armour fits poorly on your pseudopods. [Jiyva's grace]
   242 | D        | Lost mutation: Your gelatinous body deflects attacks. (AC +3, EV +3) [Jiyva's grace]
   243 | D        | Lost mutation: Your body sometimes deteriorates upon taking damage. [Jiyva's power]
   244 | D        | Gained mutation: You are resistant to hostile enchantments. (MR+) [Jiyva's grace]
   244 | D        | Lost mutation: Your pliable body absorbs attacks. (AC +2, EV +2) [Jiyva's grace]
   244 | D        | Lost mutation: Your rubbery body absorbs attacks. (AC +1, EV +1) [Jiyva's grace]
   244 | D        | Gained mutation: Armour fits poorly on your strangely shaped body. [Jiyva's grace]
   244 | D        | Lost mutation: You are resistant to hostile enchantments. (MR+) [Jiyva's grace]
   244 | D        | Gained mutation: Your body has grown golden eyes which may confuse attackers. (Acc +3) [Jiyva's grace]
   245 | D        | Lost mutation: Armour fits poorly on your strangely shaped body. [Jiyva's power]
   246 | D        | Lost mutation: Your flesh is heat resistant. (rF+) [Jiyva's grace]
   251 | D        | Gained mutation: Your spells are a little easier to cast, but a little less powerful. [Jiyva's grace]
   252 | D        | Gained mutation: You have a somewhat thin skeletal structure. (Dex +2, Stealth) [Jiyva's grace]
   252 | D        | Gained mutation: You are covered in slimy tendrils that may disarm your opponents. [Jiyva's grace]
   252 | D        | Lost mutation: You have a small jelly attached to you that senses nearby items. [Jiyva's grace]
   252 | D        | Gained mutation: Your body has grown many golden eyes which may confuse attackers. (Acc +5) [Jiyva's grace]
   252 | D        | Lost mutation: You have a small jelly attached to you that may absorb incoming projectiles. [Jiyva's grace]
   252 | D        | Gained mutation: Armour fits poorly on your pseudopods. [Jiyva's grace]
   252 | D        | Gained mutation: Armour fits poorly on your large pseudopods. [Jiyva's grace]
   252 | D        | Lost mutation: You are covered in fur. (AC +1) [Jiyva's grace]
   253 | D        | Lost mutation: Your spells are a little easier to cast, but a little less powerful. [Jiyva's power]
   254 | D        | Gained mutation: Your magical capacity is low. (-10% MP) [Jiyva's grace]
   254 | D        | Lost mutation: You are covered in slimy tendrils that may disarm your opponents. [Jiyva's grace]
   254 | D        | Lost mutation: Your magical capacity is low. (-10% MP) [Jiyva's grace]
   256 | D        | Gained mutation: Armour fits poorly on your massive pseudopods. [Jiyva's grace]
   256 | D        | Gained mutation: Your flesh is cold resistant. (rC+) [Jiyva's grace]
   257 | D        | Gained mutation: Your rubbery body absorbs attacks. (AC +1, EV +1) [Jiyva's grace]
   257 | D        | Lost mutation: Your flesh is cold resistant. (rC+) [Jiyva's grace]
   259 | D        | Gained mutation: You are robust. (+10% HP) [Jiyva's grace]
   259 | D        | Lost mutation: You are robust. (+10% HP) [Jiyva's grace]
   278 | D        | Gained mutation: Your spells are a little easier to cast, but a little less powerful. [Jiyva's grace]
   286 | D        | Lost mutation: Your spells are a little easier to cast, but a little less powerful. [Jiyva's power]
   292 | D        | Gained mutation: You are robust. (+10% HP) [Jiyva's grace]
   302 | D        | Gained mutation: You are partially covered in large bone plates. (SH +4) [Jiyva's grace]
   308 | D        | Gained mutation: You have a small jelly attached to you that may absorb incoming projectiles. [Jiyva's grace]
   319 | D        | Gained mutation: Your body is covered in golden eyes which may confuse attackers. (Acc +7, SInv) [Jiyva's grace]
   334 | D        | Lost mutation: You are robust. (+10% HP) [Jiyva's grace]
   344 | D        | Gained mutation: You have a pair of small horns on your head. [Jiyva's grace]
   352 | D        | Gained mutation: You have acidic saliva. [Jiyva's grace]
   366 | D        | Lost mutation: You have a pair of small horns on your head. [Jiyva's grace]
   383 | D        | Lost mutation: Armour fits poorly on your massive pseudopods. [Jiyva's grace]
   397 | D        | Lost mutation: You have a somewhat thin skeletal structure. (Dex +2, Stealth) [Jiyva's grace]
   405 | D        | Lost mutation: Your rubbery body absorbs attacks. (AC +1, EV +1) [Jiyva's grace]
   418 | D        | Gained mutation: Your mind is acute. (Int +2) [Jiyva's grace]
   437 | D        | Lost mutation: Your mind is acute. (Int +2) [Jiyva's grace]
   448 | D        | Gained mutation: You are agile. (Dex +2) [Jiyva's grace]
   457 | D        | Lost mutation: Your body is covered in golden eyes which may confuse attackers. (Acc +7, SInv) [Jiyva's grace]
   481 | D        | Gained mutation: You can translocate small distances at will. [Jiyva's grace]
   496 | D        | Lost mutation: You are partially covered in large bone plates. (SH +4) [Jiyva's grace]
   506 | D        | Lost mutation: You have a small jelly attached to you that may absorb incoming projectiles. [Jiyva's grace]
   516 | D        | Lost mutation: You can translocate small distances at will. [Jiyva's grace]
   526 | D        | Gained mutation: Your spells are a little harder to cast, but a little more powerful. [Jiyva's grace]
   549 | D        | Lost mutation: Your spells are a little harder to cast, but a little more powerful. [Jiyva's grace]
   560 | D        | Gained mutation: You have sharp toenails. [Jiyva's grace]
   570 | D        | Lost mutation: Your body has grown many golden eyes which may confuse attackers. (Acc +5) [Jiyva's grace]
   586 | D        | Gained mutation: You have supernaturally acute eyesight. (SInv) [Jiyva's grace]
   601 | D        | Gained mutation: You can translocate small distances at will. [Jiyva's grace]
   614 | D        | Gained mutation: You have razor-sharp toenails. [Jiyva's grace]
   620 | D        | Lost mutation: Your body has grown golden eyes which may confuse attackers. (Acc +3) [Jiyva's grace]
   624 | D        | Lost mutation: You are agile. (Dex +2) [Jiyva's grace]
   628 | D        | Gained mutation: You have an increased reservoir of magic. (+10% MP) [Jiyva's grace]
   635 | D        | Lost mutation: You have razor-sharp toenails. [Jiyva's grace]
   639 | D        | Gained mutation: You have a small jelly attached to you that senses nearby items. [Jiyva's grace]
   640 | D        | Gained mutation: You are surrounded by a mild repulsion field. (EV +2) [Jiyva's grace]
   643 | D        | Lost mutation: You have supernaturally acute eyesight. (SInv) [Jiyva's grace]
   646 | D        | Lost mutation: You have sharp toenails. [Jiyva's grace]
   651 | D        | Lost mutation: You are surrounded by a mild repulsion field. (EV +2) [Jiyva's grace]
   654 | D        | Lost mutation: You have an increased reservoir of magic. (+10% MP) [Jiyva's grace]
   658 | D        | Gained mutation: You are partially covered in slimy green scales. (AC +2) [Jiyva's grace]
   664 | D        | Lost mutation: You are partially covered in slimy green scales. (AC +2) [Jiyva's grace]
   667 | D        | Gained mutation: You have a small jelly attached to you that may absorb incoming projectiles. [Jiyva's grace]
   670 | D        | Gained mutation: You are covered in fur. (AC +1) [Jiyva's grace]
   675 | D        | Lost mutation: You have a small jelly attached to you that senses nearby items. [Jiyva's grace]
   680 | D        | Gained mutation: Your movements are slightly less encumbered by armour. (ER -2) [Jiyva's grace]
   684 | D        | Lost mutation: You have acidic saliva. [Jiyva's grace]
   691 | D        | Gained mutation: Your translucent skin slightly reduces your foes' accuracy. (Stealth) [Jiyva's grace]
   698 | D        | Gained mutation: You are somewhat resistant to further mutation. [Jiyva's grace]
   703 | D        | Lost mutation: Your translucent skin slightly reduces your foes' accuracy. (Stealth) [Jiyva's grace]
   707 | D        | Lost mutation: Armour fits poorly on your large pseudopods. [Jiyva's grace]
   715 | D        | Lost mutation: You are somewhat resistant to further mutation. [Jiyva's grace]
   721 | D        | Gained mutation: You have a pair of small horns on your head. [Jiyva's grace]
   725 | D        | Gained mutation: You are agile. (Dex +2) [Jiyva's grace]
   732 | D        | Gained mutation: You have a pair of horns on your head. [Jiyva's grace]
   736 | D        | Lost mutation: You can translocate small distances at will. [Jiyva's grace]
   739 | D        | Lost mutation: Armour fits poorly on your pseudopods. [Jiyva's grace]
   743 | D        | Lost mutation: Your movements are slightly less encumbered by armour. (ER -2) [Jiyva's grace]
   750 | D        | Gained mutation: You occasionally shout uncontrollably at your foes. [Jiyva's grace]
   753 | D        | Lost mutation: You occasionally shout uncontrollably at your foes. [Jiyva's power]
   758 | D        | Lost mutation: You have a pair of horns on your head. [Jiyva's grace]
   763 | D        | Gained mutation: You possess an exceptional clarity of mind. [Jiyva's grace]
   767 | D        | Lost mutation: You possess an exceptional clarity of mind. [Jiyva's grace]
   770 | D        | Lost mutation: You are agile. (Dex +2) [Jiyva's grace]
   773 | D        | Gained mutation: You are partially covered in rugged brown scales. (AC +1, +3% HP) [Jiyva's grace]
   776 | D        | Gained mutation: Your body sometimes deteriorates upon taking damage. [Jiyva's grace]
   780 | D        | Lost mutation: Your body sometimes deteriorates upon taking damage. [Jiyva's power]
   782 | D        | Gained mutation: You have a pair of horns on your head. [Jiyva's grace]
   787 | D        | Lost mutation: You are partially covered in rugged brown scales. (AC +1, +3% HP) [Jiyva's grace]
   790 | D        | Lost mutation: You are covered in fur. (AC +1) [Jiyva's grace]
   794 | D        | Gained mutation: You are agile. (Dex +2) [Jiyva's grace]
   799 | D        | Gained mutation: Armour fits poorly on your pseudopods. [Jiyva's grace]
   823 | D        | Lost mutation: You have a small jelly attached to you that may absorb incoming projectiles. [Jiyva's grace]
   824 | D        | Gained mutation: Your spells are a little harder to cast, but a little more powerful. [Jiyva's grace]
   825 | D        | Lost mutation: Armour fits poorly on your pseudopods. [Jiyva's grace]
   826 | D        | Lost mutation: You are agile. (Dex +2) [Jiyva's grace]
   828 | D        | Lost mutation: You have a pair of horns on your head. [Jiyva's grace]
   857 | D        | Reached skill level 3 in Stealth
   857 | D        | Reached XP level 2. HP: 20/20 MP: 2/2
   864 | D        | Entered arena 2.
   864 | D        | Noticed a spriggan
   864 | D        | Noticed a spriggan
   868 | D        | Killed a spriggan
   868 | D        | Reached skill level 5 in Stealth
   868 | D        | Reached XP level 3. HP: 28/28 MP: 3/3
   868 | D        | Reached XP level 4. HP: 32/32 MP: 4/4
   868 | D        | Reached XP level 5. HP: 37/37 MP: 5/5
   871 | D        | Killed a spriggan
   871 | D        | Reached skill level 5 in Polearms
   871 | D        | Reached skill level 7 in Stealth
   871 | D        | Reached XP level 6. HP: 44/44 MP: 6/6
   880 | D        | Gained mutation: You have a small jelly attached to you that senses nearby items. [Jiyva's grace]
   881 | D        | Lost mutation: Your spells are a little harder to cast, but a little more powerful. [Jiyva's grace]
   881 | D        | Gained mutation: You have a pair of horns on your head. [Jiyva's grace]
   881 | D        | Gained mutation: Your mind is acute. (Int +2) [Jiyva's grace]
   881 | D        | Gained mutation: Your magical capacity is low. (-10% MP) [Jiyva's grace]
   882 | D        | Lost mutation: Your magical capacity is low. (-10% MP) [Jiyva's power]
   883 | D        | Gained mutation: Your rubbery body absorbs attacks. (AC +1, EV +1) [Jiyva's grace]
   887 | D        | Gained mutation: You have a pair of large horns on your head. [Jiyva's grace]
   887 | D        | Gained mutation: You have large cloven feet. [Jiyva's grace]
   892 | D        | Entered arena 3.
   892 | D        | Noticed a phantom
   892 | D        | Noticed a phantom
   900 | D        | Killed a phantom
   902 | D        | Killed a phantom
   902 | D        | Reached skill level 8 in Stealth
   902 | D        | Reached XP level 7. HP: 49/49 MP: 7/7
   921 | D        | Gained mutation: You are covered in slimy tendrils that may disarm your opponents. [Jiyva's grace]
   921 | D        | Lost mutation: Your rubbery body absorbs attacks. (AC +1, EV +1) [Jiyva's grace]
   924 | D        | Gained mutation: Your translucent skin slightly reduces your foes' accuracy. (Stealth) [Jiyva's grace]
   926 | D        | Gained mutation: Your body has grown golden eyes which may confuse attackers. (Acc +3) [Jiyva's grace]
   932 | D        | Entered arena 4.
   954 | D        | Lost mutation: You have a small jelly attached to you that senses nearby items. [Jiyva's grace]
   956 | D        | Lost mutation: You have a pair of large horns on your head. [Jiyva's grace]
   959 | D        | Lost mutation: Your translucent skin slightly reduces your foes' accuracy. (Stealth) [Jiyva's grace]
   959 | D        | Gained mutation: You have a pair of large horns on your head. [Jiyva's grace]
   963 | D        | Lost mutation: Your mind is acute. (Int +2) [Jiyva's grace]
   963 | D        | Lost mutation: You have large cloven feet. [Jiyva's grace]
   967 | D        | Entered arena 5.
   967 | D        | Noticed a deep elf mage
   967 | D        | Noticed a scimitar of holy wrath
   967 | D        | Noticed a war axe of venom
   967 | D        | Noticed a mace of holy wrath
   976 | D        | Killed a mace of holy wrath
   976 | D        | Reached skill level 10 in Stealth
   976 | D        | Reached XP level 8. HP: 53/57 MP: 8/8
   984 | D        | Killed a deep elf mage
   984 | D        | Reached skill level 10 in Fighting
   984 | D        | Reached skill level 10 in Armour
   984 | D        | Reached skill level 10 in Shields
   984 | D        | Reached XP level 9. HP: 34/62 MP: 9/9
   988 | D        | Killed a war axe of venom
   988 | D        | Reached skill level 11 in Stealth
   992 | D        | Killed a scimitar of holy wrath
  1012 | D        | Gained mutation: You are partially covered in icy blue scales. (AC +2) [Jiyva's grace]
  1015 | D        | Lost mutation: You have a pair of large horns on your head. [Jiyva's grace]
  1018 | D        | Lost mutation: You have a pair of horns on your head. [Jiyva's grace]
  1086 | D        | Lost mutation: You have a pair of small horns on your head. [Jiyva's grace]
  1117 | D        | Entered arena 6.
  1132 | D        | Gained mutation: You have a pair of small antennae on your head. [Jiyva's grace]
  1138 | D        | Gained mutation: You expend magic power (3 MP) to strengthen your wands. [Jiyva's grace]
  1139 | D        | Lost mutation: You are partially covered in icy blue scales. (AC +2) [Jiyva's grace]
  1141 | D        | Lost mutation: You expend magic power (3 MP) to strengthen your wands. [Jiyva's grace]
  1141 | D        | Gained mutation: You have a pair of antennae on your head. [Jiyva's grace]
  1150 | D        | Gained mutation: Your large and strong wings let you fly indefinitely. [Jiyva's grace]
  1150 | D        | Lost mutation: Your large and strong wings let you fly indefinitely. [Jiyva's grace]
  1151 | D        | Gained mutation: Your muscles are strong. (Str +2) [Jiyva's grace]
  1153 | D        | Gained mutation: Your movements are slightly less encumbered by armour. (ER -2) [Jiyva's grace]
  1161 | D        | Gained mutation: You possess an exceptional clarity of mind. [Jiyva's grace]
  1162 | D        | Lost mutation: Your movements are slightly less encumbered by armour. (ER -2) [Jiyva's grace]
  1164 | D        | Entered arena 7.
  1164 | D        | Noticed a merfolk
  1164 | D        | Noticed a merfolk
  1164 | D        | Noticed a merfolk
  1175 | D        | Killed a merfolk
  1175 | D        | Reached skill level 12 in Stealth
  1175 | D        | Reached XP level 10. HP: 52/70 MP: 10/10
  1206 | D        | Lost mutation: You possess an exceptional clarity of mind. [Jiyva's grace]
  1211 | D        | Lost mutation: Your muscles are strong. (Str +2) [Jiyva's grace]
  1213 | D        | Gained mutation: Your large and strong wings let you fly indefinitely. [Jiyva's grace]
  1217 | D        | Gained mutation: You have very sharp teeth. [Jiyva's grace]
  1218 | D        | Gained mutation: Your spells are a little harder to cast, but a little more powerful. [Jiyva's grace]
  1221 | D        | Gained mutation: You have supernaturally acute eyesight. (SInv) [Jiyva's grace]
  1225 | D        | Lost mutation: Your body has grown golden eyes which may confuse attackers. (Acc +3) [Jiyva's grace]
  1226 | D        | Lost mutation: Your large and strong wings let you fly indefinitely. [Jiyva's grace]
  1227 | D        | Gained mutation: Armour fits poorly on your pseudopods. [Jiyva's grace]
  1231 | D        | Gained mutation: Your large and strong wings let you fly indefinitely. [Jiyva's grace]
  1233 | D        | Lost mutation: Your large and strong wings let you fly indefinitely. [Jiyva's grace]
  1240 | D        | Gained mutation: You have sharp fingernails. [Jiyva's grace]
  1244 | D        | Entered arena 8.
  1244 | D        | Noticed a four-headed hydra
  1244 | D        | Noticed a five-headed hydra
  1249 | D        | Killed a five-headed hydra
  1249 | D        | Reached skill level 10 in Polearms
  1256 | D        | Killed a four-headed hydra
  1256 | D        | Reached skill level 13 in Stealth
  1281 | D        | Gained mutation: You have an increased reservoir of magic. (+10% MP) [Jiyva's grace]
  1284 | D        | Lost mutation: Your spells are a little harder to cast, but a little more powerful. [Jiyva's grace]
  1287 | D        | Lost mutation: You have an increased reservoir of magic. (+10% MP) [Jiyva's grace]
  1287 | D        | Lost mutation: You have sharp fingernails. [Jiyva's grace]
  1292 | D        | Gained mutation: You have acidic saliva. [Jiyva's grace]
  1292 | D        | Lost mutation: You have a pair of antennae on your head. [Jiyva's grace]
  1293 | D        | Gained mutation: You are partially covered in yellow scales. (AC +2) [Jiyva's grace]
  1293 | D        | Lost mutation: You have a pair of small antennae on your head. [Jiyva's grace]
  1296 | D        | Gained mutation: Your movements are slightly less encumbered by armour. (ER -2) [Jiyva's grace]
  1298 | D        | Lost mutation: Your movements are slightly less encumbered by armour. (ER -2) [Jiyva's grace]
  1301 | D        | Lost mutation: You have very sharp teeth. [Jiyva's grace]
  1313 | D        | Entered arena 9.
  1313 | D        | Noticed a two-headed ogre
  1313 | D        | Noticed a two-headed ogre
  1318 | D        | Killed a two-headed ogre
  1319 | D        | Gained mutation: You evolve. [Jiyva's grace]
  1323 | D        | Killed a two-headed ogre
  1323 | D        | Reached XP level 11. HP: 78/78 MP: 11/11
  1342 | D        | Got the +2 cloak "Caalush" {MR+ Str+7 SInv}
  1346 | D        | Gained mutation: Your body has grown golden eyes which may confuse attackers. (Acc +3) [Jiyva's grace]
  1354 | D        | Gained mutation: Your mind is acute. (Int +2) [Jiyva's grace]
  1356 | D        | Lost mutation: You evolve. [Jiyva's grace]
  1356 | D        | Gained mutation: You are somewhat resistant to further mutation. [Jiyva's grace]
  1356 | D        | Gained mutation: You have large cloven feet. [Jiyva's grace]
  1358 | D        | Lost mutation: Your mind is acute. (Int +2) [Jiyva's grace]
  1358 | D        | Lost mutation: You are covered in slimy tendrils that may disarm your opponents. [Jiyva's grace]
  1369 | D        | Gained mutation: You are frail. (-10% HP) [Jiyva's grace]
  1370 | D        | Lost mutation: You are frail. (-10% HP) [Jiyva's power]
  1370 | D        | Lost mutation: You have large cloven feet. [Jiyva's grace]
  1373 | D        | Gained mutation: Your translucent skin slightly reduces your foes' accuracy. (Stealth) [Jiyva's grace]
  1373 | D        | Gained mutation: Your mind is acute. (Int +2) [Jiyva's grace]
  1378 | D        | Entered arena 10.
  1378 | D        | Noticed a cyclops
  1378 | D        | Noticed a cyclops
  1378 | D        | Noticed a yaktaur captain
  1378 | D        | Noticed a cyclops
  1389 | D        | Killed a cyclops
  1395 | D        | Killed a yaktaur captain
  1395 | D        | Reached skill level 14 in Stealth
  1400 | D        | Killed a cyclops
  1402 | D        | Killed a cyclops
  1431 | D        | Lost mutation: Your body has grown golden eyes which may confuse attackers. (Acc +3) [Jiyva's grace]
  1442 | D        | Gained mutation: You have a small jelly attached to you that senses nearby items. [Jiyva's grace]
  1442 | D        | Gained mutation: You have a pair of small horns on your head. [Jiyva's grace]
  1443 | D        | Gained mutation: Your translucent skin reduces your foes' accuracy. (Stealth) [Jiyva's grace]
  1447 | D        | Gained mutation: You possess an exceptional clarity of mind. [Jiyva's grace]
  1448 | D        | Lost mutation: Your mind is acute. (Int +2) [Jiyva's grace]
  1448 | D        | Lost mutation: Your translucent skin reduces your foes' accuracy. (Stealth) [Jiyva's grace]
  1450 | D        | Lost mutation: You are somewhat resistant to further mutation. [Jiyva's grace]
  1455 | D        | Gained mutation: You are covered in slimy tendrils that may disarm your opponents. [Jiyva's grace]
  1460 | D        | Gained mutation: Your body has grown golden eyes which may confuse attackers. (Acc +3) [Jiyva's grace]
  1462 | D        | Gained mutation: Armour fits poorly on your large pseudopods. [Jiyva's grace]
  1462 | D        | Lost mutation: You have acidic saliva. [Jiyva's grace]
  1462 | D        | Lost mutation: You have a pair of small horns on your head. [Jiyva's grace]
  1467 | D        | Lost mutation: Your translucent skin slightly reduces your foes' accuracy. (Stealth) [Jiyva's grace]
  1467 | D        | Gained mutation: Your body has grown many golden eyes which may confuse attackers. (Acc +5) [Jiyva's grace]
  1468 | D        | Gained mutation: You are weak. (Str -2) [Jiyva's grace]
  1469 | D        | Gained mutation: Armour fits poorly on your massive pseudopods. [Jiyva's grace]
  1470 | D        | Lost mutation: You are weak. (Str -2) [Jiyva's power]
  1477 | D        | Entered arena 11.
  1526 | D        | Entered arena 12.
  1526 | D        | Noticed a vault guard
  1526 | D        | Noticed a vault guard
  1526 | D        | Noticed a vault guard
  1526 | D        | Noticed a vault guard
  1526 | D        | Noticed a vault guard
  1527 | D        | Noticed a vault guard
  1527 | D        | Noticed a vault guard
  1527 | D        | Noticed a stone giant
  1527 | D        | Noticed a vault guard
  1533 | D        | Killed a vault guard
  1533 | D        | Reached skill level 15 in Stealth
  1539 | D        | Killed a vault guard
  1543 | D        | Killed a vault guard
  1543 | D        | Reached XP level 12. HP: 86/86 MP: 12/12
  1548 | D        | Killed a vault guard
  1556 | D        | Killed a vault guard
  1559 | D        | Killed a vault guard
  1559 | D        | Reached skill level 15 in Armour
  1559 | D        | Reached skill level 15 in Shields
  1564 | D        | Killed a vault guard
  1564 | D        | Reached skill level 15 in Fighting
  1568 | D        | Killed a vault guard
  1568 | D        | Reached skill level 16 in Stealth
  1573 | D        | Killed a stone giant
  1612 | D        | Lost mutation: You have supernaturally acute eyesight. (SInv) [Jiyva's grace]
  1615 | D        | Entered arena 13.
  1615 | D        | Noticed a two-headed ogre
  1629 | D        | Killed a two-headed ogre
  1663 | D        | Got the amulet of Siessa {Gourm +Fly rC+ rN+}
  1692 | D        | Gained mutation: Your mind is acute. (Int +2) [Jiyva's grace]
  1692 | D        | Gained mutation: You are robust. (+10% HP) [Jiyva's grace]
  1699 | D        | Lost mutation: You are covered in slimy tendrils that may disarm your opponents. [Jiyva's grace]
  1766 | D        | Gained mutation: You can translocate small distances at will. [Jiyva's grace]
  1766 | D        | Lost mutation: You possess an exceptional clarity of mind. [Jiyva's grace]
  1845 | D        | Gained mutation: Your flesh is cold resistant. (rC+) [Jiyva's grace]
  1850 | D        | Entered arena 14.
  1851 | D        | Noticed an orc warlord
  1871 | D        | Lost mutation: Your body has grown many golden eyes which may confuse attackers. (Acc +5) [Jiyva's grace]
  1878 | D        | Killed an orc warlord
  1878 | D        | Reached skill level 17 in Stealth
  1882 | D        | Reached XP level 13. HP: 89/102 MP: 13/13
  1898 | D        | Gained mutation: Your body has grown many golden eyes which may confuse attackers. (Acc +5) [Jiyva's grace]
  1911 | D        | Lost mutation: You have a small jelly attached to you that senses nearby items. [Jiyva's grace]
  1941 | D        | Gained mutation: Your natural rate of healing is unusually fast. [Jiyva's grace]
  1943 | D        | Gained mutation: Your mind is very acute. (Int +4) [Jiyva's grace]
  1945 | D        | Fell from the grace of Jiyva
  1974 | D        | Entered arena 15.
  1975 | D        | Noticed a stone giant
  1975 | D        | Noticed an orc warlord
  1976 | D        | Noticed an orc warlord
  1994 | D        | Killed an orc warlord
  2004 | D        | Killed an orc warlord
  2025 | D        | Killed a stone giant
  2042 | D        | Got the ring "Guniwux" {-Tele rC+ rN++ MR+ Dex+4}
  2071 | D        | Entered arena 16.
  2072 | D        | Noticed a merfolk javelineer
  2072 | D        | Noticed a yaktaur captain
  2072 | D        | Noticed a deep elf master archer
  2072 | D        | Noticed a stone giant
  2072 | D        | Noticed a yaktaur captain
  2073 | D        | Noticed a yaktaur captain
  2073 | D        | Noticed a yaktaur captain
  2084 | D        | Killed a stone giant
  2089 | D        | Killed a merfolk javelineer
  2091 | D        | Killed a deep elf master archer
  2091 | D        | Reached skill level 18 in Stealth
  2093 | D        | Killed a yaktaur captain
  2095 | D        | Killed a yaktaur captain
  2099 | D        | Killed a yaktaur captain
  2101 | D        | Killed a yaktaur captain
  2126 | D        | Gained mutation: Scrolls take you a little longer to read. [the vengeance of Jiyva]
  2126 | D        | Gained mutation: Armour fits poorly on your strangely shaped body. [the vengeance of Jiyva]
  2126 | D        | Gained mutation: Your magical capacity is low. (-10% MP) [the vengeance of Jiyva]
  2126 | D        | Lost mutation: Your body has grown many golden eyes which may confuse attackers. (Acc +5) [the vengeance of Jiyva]
  2161 | D        | Got the ring "Egalan" {rF+ Slay+3}
  2178 | D        | Entered arena 17.
  2178 | D        | Noticed a stone giant
  2179 | D        | Noticed a stone giant
  2180 | D        | Identified the +6 spear of Utoghi {freeze, rN+ Str+7}
  2186 | D        | Noticed a deep elf master archer
  2186 | D        | Killed a stone giant
  2191 | D        | Killed a stone giant
  2196 | D        | Reached skill level 15 in Polearms
  2204 | D        | Killed a deep elf master archer
  2204 | D        | Reached skill level 19 in Stealth
  2204 | D        | Gained mutation: Your large and strong wings let you fly indefinitely. [Gargoyle growth]
  2204 | D        | Reached XP level 14. HP: 114/114 MP: 12/12
  2259 | D        | Entered arena 18.
  2315 | D        | Reached skill level 20 in Stealth
  2334 | D        | Got the ring of Waofing {Fire Int+3 Dex+4 Slay-2 SInv}
  2385 | D        | Entered arena 19.
  2468 | D        | Got the ring "Kauck" {rElec rC+++ MR+ Str+4 Int-5}
  2544 | D        | Entered arena 20.
  2544 | D        | Noticed a frost giant
  2545 | D        | Noticed a frost giant
  2556 | D        | Noticed a frost giant
  2559 | D        | Killed a frost giant
  2559 | D        | Reached skill level 21 in Stealth
  2559 | D        | Reached XP level 15. HP: 123/123 MP: 11/13
  2563 | D        | Killed a frost giant
  2598 | D        | Killed a frost giant
  2664 | D        | Got the amulet of Daokhlup {Gourm MR+}
  2723 | D        | Entered arena 21.
  2723 | D        | Noticed an emperor scorpion
  2734 | D        | Noticed a ghost moth
  2742 | D        | Killed an emperor scorpion
  2772 | D        | Killed a ghost moth
  2776 | D        | Reached skill level 22 in Stealth
  2832 | D        | Got the ring of Sialoiru {rElec rPois}
  2927 | D        | Lost mutation: Your body has grown golden eyes which may confuse attackers. (Acc +3) [the vengeance of Jiyva]
  2935 | D        | Entered arena 22.
  2939 | D        | Noticed Yrenuiho the pandemonium lord
  2939 | D        | Noticed Lut Kuoj the pandemonium lord
  2939 | D        | Noticed Vutwam the pandemonium lord
  2939 | D        | Noticed Timeh the pandemonium lord
  2939 | D        | Noticed Eluatel the pandemonium lord
  2940 | D        | Noticed Ownueli the pandemonium lord
  2940 | D        | Noticed Eqemm the pandemonium lord
  2940 | D        | Noticed Moemp the pandemonium lord
  2940 | D        | Noticed Eschew the pandemonium lord
  2940 | D        | Noticed a Brimstone Fiend
  2944 | D        | Noticed Leptakuz the pandemonium lord
  2944 | D        | Noticed Citzuxkace the pandemonium lord
  2947 | D        | Noticed Archaw the pandemonium lord
  2948 | D        | Noticed a Brimstone Fiend
  2948 | D        | Noticed Usiufall the pandemonium lord
  2950 | D        | Noticed Deinab the pandemonium lord
  2951 | D        | Noticed Hioqy the pandemonium lord
  2953 | D        | Noticed a Hell Sentinel
  2954 | D        | Noticed Jurah the pandemonium lord
  2959 | D        | Paralysed by Yrenuiho for 7 turns
  2960 | D        | Noticed an Ice Fiend
  2961 | D        | Noticed a balrug
  2963 | D        | Noticed an Ice Fiend
  2963 | D        | Noticed a tentacled monstrosity
  2963 | D        | Noticed Durebb the pandemonium lord
  2964 | D        | Noticed a Brimstone Fiend
  2965 | D        | Noticed Piwnav the pandemonium lord
  2965 | D        | HP: 8/187 [Leptakuz the pandemonium lord (12)]
  2966 | D        | Slain by Leptakuz the pandemonium lord

Vault maps used:
D:        sprint_v

Skill      XL: |  1  2  3  4  5  6  7  8  9 10 11 12 13 14 15 |
---------------+----------------------------------------------+-----
Fighting       | 4 6 7 8 9 10 11 13 14 16 18 19 20 | 20.7
Polearms       | 2 4 5 6 7 8 9 10 12 13 15 16 17 | 17.7
Armour         | 4 6 7 8 9 10 11 13 14 16 18 19 20 | 20.7
Stealth        | 3 5 7 8 10 12 13 15 17 19 21 22 | 22.1
Shields        | 4 6 7 8 9 10 11 13 14 16 17 19 20 | 20.7
Maces & Flails | |  2.0

Action                   |  1- 3 |  4- 6 |  7- 9 | 10-12 | 13-15 || total
-------------------------+-------+-------+-------+-------+-------++-------
Melee: Lance             |     3 |    11 |    53 |   196 |   356 ||   619
       Headbutt          |       |     2 |     7 |       |       ||     9
       Kick              |       |     1 |     3 |       |       ||     4
       Pseudopods        |       |       |       |    61 |   124 ||   185
       Bite              |       |       |       |    12 |       ||    12
Invok: Cure Bad Mutation |    12 |     1 |       |     4 |       ||    17
       Request Jelly     |       |     1 |     4 |     4 |     1 ||    10
       Renounce Religion |       |       |       |       |     1 ||     1
 Abil: Evoke Berserk Rag |       |       |       |     1 |     2 ||     3
       Fly               |       |       |       |       |     2 ||     2
       Stop Flying       |       |       |       |       |     1 ||     1
  Use: Potion            |     2 |     1 |       |     8 |    13 ||    24
 Stab: Confused          |       |       |       |     3 |     2 ||     5
  Eat: Meat ration       |       |       |       |       |     1 ||     1
Armor: Plate armour      |     1 |     1 |    18 |    39 |   338 ||   397
Dodge: Dodged            |       |       |     3 |     9 |    50 ||    62
Block: Shield            |     4 |     7 |    76 |   216 |   575 ||   878
